 Dungeon Crawl Stone Soup version 0.29-a0-22-gbf593b16ee (webtiles) character file.

Game seed: 294959044279108520

198 horus123 the Conjurer (level 5, -5/28 HPs)
             Began as a Deep Elf Hedge Wizard on Jan 29, 2022.
             Was an Initiate of Makhleb.
             Slain by a scorpion (7 damage)
             ... on level 4 of the Dungeon.
             The game lasted 00:10:43 (4454 turns).

horus123 the Conjurer (Deep Elf Hedge Wizard)       Turns: 4454, Time: 00:10:43

Health: -5/28      AC:  3    Str:  7    XL:     5   Next: 47%
Magic:  14/14      EV: 16    Int: 21    God:    Makhleb [......]
Gold:   159        SH:  0    Dex: 14    Spells: 8/14 levels left

rFire   . . .      SeeInvis .   m - +2 dagger (venom)
rCold   . . .      Faith    .   (no shield)
rNeg    . . .      Spirit   .   b - +0 robe
rPois   .          Reflect  .   c - +1 hat
rElec   .          Harm     .   (no cloak)
rCorr   .          Rampage  .   (no gloves)
Will    .....                   (no boots)
Stlth   ++........              (no amulet)
HPRegen 0.09/turn               h - +4 ring of evasion
MPRegen 0.14/turn               (no ring)

@: no status effects
A: no striking features
a: Renounce Religion


You were on level 4 of the Dungeon.
You worshipped Makhleb.
Makhleb was noncommittal.
You visited 2 branches of the dungeon, and saw 5 of its levels.

You collected 159 gold pieces.

Inventory:

Hand Weapons
 a - a +0 dagger
 m - a +2 dagger of venom (weapon)
Armour
 b - a +0 robe (worn)
 c - a +1 hat (worn)
Jewellery
 h - a +4 ring of evasion (left hand)
Scrolls
 d - a scroll of identify
 e - a scroll of immolation
 f - a scroll of noise
 i - 2 scrolls of blinking
 j - a scroll of amnesia
Potions
 g - a potion of berserk rage
 k - a potion of flight


   Skills:
 - Level 2.4 Dodging
 - Level 2.4 Stealth
 - Level 5.0 Spellcasting
 - Level 5.2 Conjurations
 + Level 2.3 Summonings
 - Level 1.1 Translocations


You had 8 spell levels left.
You knew the following spells:

 Your Spells              Type           Power      Damage    Failure   Level
a - Magic Dart            Conj           100%       1d8       1%          1
b - Call Imp              Summ           15%        N/A       6%          2
c - Call Canine Familiar  Summ           15%        N/A       12%         3

Your spell library contained the following spells:

 Spells                   Type           Power      Damage    Failure   Level
 Slow                     Hex            20%        N/A       11%         1
 Blink                    Tloc           18%        N/A       11%         2
 Conjure Flame            Conj/Fire      16%        6-21      11%         3
 Mephitic Cloud           Conj/Pois/Air  12%        N/A       16%         3
 Portal Projectile        Hex/Tloc       14%        N/A       26%         3
 Leda's Liquefaction      Hex/Erth       2%         N/A       71%         4
 Chain Lightning          Conj/Air       8%         3d10      100%        9
 Fire Storm               Conj/Fire      8%         8d2       100%        9
 Shatter                  Erth           2%         3d6*      100%        9


Dungeon Overview and Level Annotations

Branches:
Dungeon (4/15)             Temple (1/1) D:4

Altars:
Ashenzari
Cheibriados
Dithmenos
Elyvilon
Gozag
Makhleb
Nemelex Xobeh
Okawaru
Qazlal
Ru
Sif Muna
Yredelemnul
Zin


Message History

m - a +2 dagger of venom
As you read the scroll labelled FEORIA VUIPIV, it crumbles to dust.
You feel strangely unstable.
It was a scroll of teleportation.
Okay, then.
Your +2 dagger of venom begins to drip with poison!
m - a +2 dagger of venom (weapon)
Your surroundings suddenly seem different.
A hound and a scorpion come into view.
Found a scroll of enchant armour.
Casting: Magic Dart (safe; 1% risk of failure)
Confirm with . or Enter, or press ? or * to list all spells.
You don't know that spell.
Casting: Magic Dart (safe; 1% risk of failure)
Confirm with . or Enter, or press ? or * to list all spells.
A metallic apparition takes form in the air.
The hound barks!
The hound bites you. The hound closely misses you.
The hound bites you but does no damage.
Your iron imp barely misses the hound.
The hound closely misses you. The hound bites you. The scorpion stings you.
The hound barely misses you.
Found a scroll of amnesia.
The hound barely misses you. The hound bites you. The scorpion stings you.
* * * LOW HITPOINT WARNING * * *
The hound barely misses you.
Your iron imp hits the scorpion.
You see here a +0 club.
The hound bites you.
* * * LOW HITPOINT WARNING * * *
Okay, then.
The hound closely misses you. The hound misses you.
The hound bites you but does no damage. The scorpion stings you.
* * * LOW HITPOINT WARNING * * *
The hound closely misses you. The scorpion stings you!
You die...

................#........+..#####
.........########........####?...
.........##.....#................
.........#......#................
.........#......'................
.........#......#.....5..5)......
.........##.....#....#####+##.?..
.........###'####....# #....
.............(..@s...# #....
................#h...# #....
....##..........#....# #....
....##..........#....# #....
................#....# #....
.........##.....#....# #....
....##...##.....#....# #....
....##....#.....#....# #....
..........#.....## #....


You could see a scorpion, a hound (ally target) and a friendly iron imp
(summoned).

Vanquished Creatures
  A bullfrog skeleton (D:4)
  An iguana (D:4)
  An orc wizard (D:4)
  4 adders
  5 worms
  2 dart slugs (D:2)
  4 orcs (D:4)
  4 endoplasms
  3 giant cockroaches
  5 goblins
  7 hobgoblins
  7 jackals
  2 quokkas
  A ball python (D:2)
  4 bats
  A frilled lizard (D:1)
  6 kobolds
  3 rats
61 creatures vanquished.

Notes
Turn   | Place    | Note
-------+----------+-------------------------------------------
     0 | D:1      | horus123 the Deep Elf Hedge Wizard began the quest for the
                  | Orb.
     0 | D:1      | Reached XP level 1. HP: 10/10 MP: 7/7
   134 | D:1      | Reached skill level 5 in Spellcasting
   149 | D:1      | Reached XP level 2. HP: 15/15 MP: 2/10
   152 | D:1      | Learned a level 2 spell: Call Imp
   367 | D:1      | Found a faded altar of an unknown god.
  1072 | D:2      | Reached XP level 3. HP: 19/19 MP: 7/11
  1281 | D:2      | Found a stormy altar of Qazlal.
  1641 | D:2      | Reached XP level 4. HP: 23/24 MP: 5/13
  3080 | D:3      | Learned a level 3 spell: Call Canine Familiar
  3565 | D:4      | Reached skill level 5 in Conjurations
  3565 | D:4      | Reached XP level 5. HP: 17/28 MP: 0/14
  3593 | D:4      | HP: 1/28 [orc wizard/puff of flame (8)]
  4151 | D:4      | Found a staircase to the Ecumenical Temple.
  4160 | Temple   | Entered the Ecumenical Temple
  4286 | Temple   | Became a worshipper of Makhleb the Destroyer
  4454 | D:4      | Slain by a scorpion

Illustrated notes

Levels and vault maps discovered:
D:1:      matt_arrival_los_fun, layout_rooms, basic_ecumenical_altar
D:2:      layout_basic, basic_altar
D:3:      layout_loops_ring, chequers_serial_rivers_micro_d, nicolae_wormholes
D:4:      layout_gridville, minmay_temple_entry_trees
Temple:   dshaligram_water_room_temple

Skill      XL: |  1  2  3  4  5 |
---------------+----------------+-----
Spellcasting   | 5 |  5.0
Conjurations   | 2 3 5 |  5.2
Summonings     | 2 |  2.3
Dodging        | |  2.4
Stealth        | |  2.4
Translocations | |  1.1

Action                   |  1- 3 |  4- 6 || total
-------------------------+-------+-------++-------
Melee: Dagger            |     4 |     6 ||    10
 Cast: Magic Dart        |   101 |   108 ||   209
       Call Imp          |       |     2 ||     2
  Use: Scroll            |     4 |     9 ||    13
       Potion            |       |     1 ||     1
Armor: Robe              |     6 |     8 ||    14
Dodge: Dodged            |     9 |    27 ||    36

Table legend: (Time is in decaauts)
 A = Elapsed time spent in this place.
 B = Non-inter-level travel time spent in this place.
 C = Inter-level travel time spent in this place.
 D = Time resting spent in this place.
 E = Time spent auto-exploring this place.
 F = Levels seen in this place.
 G = Mean time per level.
                   A        B        C        D        E       F      G
               +--------+--------+--------+--------+--------+-----+--------+
         Total |   4454 |   4365 |     89 |    888 |   2788 |   5 |  890.8 |
       Dungeon |   4311 |   4238 |     73 |    888 |   2753 |   4 | 1077.8 |
        Temple |    142 |    126 |     16 |      0 |     35 |   1 |  142.0 |
               +--------+--------+--------+--------+--------+-----+--------+

Top non-repeatable levels by time:
     D:3: 1685 daAuts
     D:1: 1064 daAuts
     D:2: 954 daAuts
     D:4: 607 daAuts
  Temple: 142 daAuts
